 Dungeon Crawl Stone Soup version 0.30-b1-2-g02819fbbbe (webtiles) character file.

Game seed: 3819970044082636992

749 Dirian the Cleaver (level 7, 0/63 HPs)
             Began as a Minotaur Berserker on May 13, 2023.
             Was an Elder of Trog.
             Slain by a gnoll
             ... wielding a +0 spear
              (3 damage)
             ... on level 5 of the Dungeon.
             The game lasted 00:07:01 (3613 turns).

Dirian the Cleaver (Minotaur Berserker)             Turns: 3613, Time: 00:07:01

Health: 0/63       AC: 11    Str: 24    XL:     7   Next: 48%
Magic:  6/6        EV: 10    Int:  4    God:    Trog [****..]
Gold:   314        SH:  8    Dex:  9    Spells: 6/6 levels left

rFire   . . .        b - +1 war axe
rCold   . . .        h - +0 buckler
rNeg    . . .        A - +4 scale mail
rPois   .            (helmet restricted)
rElec   +            (no cloak)
rCorr   .            (no gloves)
SInv    .            (no boots)
Will    +....        j - amulet of reflection Stlth
                     f - ring "Xidom" {rElec Will+}
HPRegen 0.30/turn    (no ring)
MPRegen 0.10/turn

%: reflection
@: on berserk cooldown, slowed, very slow
A: horns 2, retaliatory headbutt
a: Renounce Religion, Berserk, Trog's Hand, Brothers in Arms


You were on level 5 of the Dungeon.
You worshipped Trog.
Trog was greatly pleased with you.
You visited 1 branch of the dungeon, and saw 5 of its levels.
You also visited: Ossuary.

You collected 314 gold pieces.

Inventory:

Hand Weapons
 a - a +0 hand axe
 b - a +1 war axe (weapon)
 c - a +0 battleaxe
Missiles
 k - 2 throwing nets (quivered)
Armour
 h - a +0 buckler (worn)
 A - a +4 scale mail (worn)
Jewellery
 d - a ring of ice
 f - the ring "Xidom" (left hand) {rElec Will+}
   (You found it on level 2 of the Dungeon)

   [ring of willpower]

   rElec:     It insulates you from electricity.
   Will:      It increases your willpower.
 j - an amulet of reflection (around neck)
 m - the ring "Qessastizuv" {rElec rCorr MP+9}
   (You found it on level 5 of the Dungeon)

   [ring of magical power]

   rElec:     It insulates you from electricity.
   MP:        It affects your magic capacity (+9).
   rCorr:     It protects you from acid and corrosion.
Scrolls
 t - 3 scrolls of teleportation
 u - a scroll of enchant armour
 x - 2 scrolls of immolation
 z - 2 scrolls of blinking
Potions
 e - 2 potions of invisibility
 g - a potion of berserk rage
 i - 3 potions of lignification
 l - 5 potions of curing {unknown}
 q - 2 potions of haste {unknown}
 s - 3 potions of degeneration {unknown}
 v - a potion of heal wounds {unknown}
 w - a potion of cancellation {unknown}
 y - a potion of flight {unknown}
 B - a potion of ambrosia {unknown}
 D - a potion of might {unknown}
 E - a potion of attraction {unknown}


   Skills:
 + Level 6.0 Fighting
 + Level 8.3 Axes
 + Level 4.5 Armour
 - Level 2.1 Dodging
 + Level 2.1 Shields


You had 6 spell levels left.
You didn't know any spells.
Your spell library was empty.

Dungeon Overview and Level Annotations

Branches:
Dungeon (5/15) Zot: 26475 Ossuary (visited)
 Temple: D:4-7

Altars:
Dithmenos
Ru

Shops:
D:2 =

Annotations:
D:5 1 transporter, 1 runed translucent door, Eustachio; Suckerboh's ghost, novice GrGl


Innate Abilities, Weirdness & Mutations

You have a pair of horns on your head.
You reflexively headbutt those who attack you in melee.


Message History

The gnoll hits you from afar with a +2 spear of freezing.
The gnoll freezes you. Eustachio hits you with a +0 rapier!
You struggle against the net.
You feel a strong urge to attack something.
You struggle against the net.
The gnoll hits you but does no damage. Eustachio hits you but does no damage.
The gnoll hits you but does no damage.
You struggle against the net.
You feel your anger nearly subside.
You are no longer berserk.
You are exhausted.
You feel yourself slow down. Eustachio hits you but does no damage.
The gnoll completely misses you. The gnoll hits you but does no damage.
You shred the net and break free! You block the gnoll's attack.
The crimson imp blinks!
The gnoll barely misses you.
Eustachio gestures wildly while chanting.
You hit Eustachio. You headbutt Eustachio.
Eustachio is severely wounded.
You closely miss the river rat. You barely miss the river rat.
Eustachio hits you with a +0 rapier!
The gnoll hits you from afar with a +2 spear of freezing.
The gnoll freezes you. The gnoll hits you but does no damage.
The river rat bites you. x2
* * * LOW HITPOINT WARNING * * *
The gnoll hits you from afar with a +2 spear of freezing.
* * * LOW HITPOINT WARNING * * *
The gnoll freezes you.
* * * LOW HITPOINT WARNING * * *
The gnoll hits you from afar with a +0 spear.
* * * LOW HITPOINT WARNING * * *
Eustachio casts a spell.
The river rat attacks as you move away! You block the river rat's attack.
The quokka disappears in a puff of smoke!
The river rat bites you but does no damage.
The gnoll hits you with a +2 spear of freezing.
* * * LOW HITPOINT WARNING * * *
The gnoll freezes you.
* * * LOW HITPOINT WARNING * * *
Eustachio hits you with a +0 rapier.
* * * LOW HITPOINT WARNING * * *
The gnoll hits you with a +0 spear.
You die...

.........+.......##.##
....######......##...##.
###.# #.....##.....##
###.# #.....#⌠.?♣!.⌠#
....## ##.....##.....##
.....# #'......##W..##.
.....# ##.......##⌠##..
.....# #.###r.rg###...
.....#####.# #.r@g......
.†.........# #.@).....#.
.....#######....§.....#
....)<.....#.####r....#
...........#. .....#
.....#####...# .......
#...... .### ....5..
......< #. .......
.....###


You could see Eustachio, Suckerboh's ghost, 2 gnolls, a crimson imp (summoned)
and 4 river rats.

Vanquished Creatures
  An ice beast (D:5)
  The ghost of diceflayer the Shooter, an amateur DsHu (D:3)
  A bullfrog (D:4)
  A water moccasin zombie (Ossuary)
  A sleepcap (D:4)
  Jessica (D:2)
  Terence (D:3)
  2 iguanas
  An orc wizard (D:5)
  2 mummies (Ossuary)
  Robin (D:3)
  4 gnolls
  5 adders
  An ufetubus (D:4)
  4 adder zombies (Ossuary)
  4 worms (D:2)
  3 dart slugs
  15 orcs
  6 endoplasms
  7 giant cockroaches
  11 goblins
  6 hobgoblins
  13 kobolds
  8 quokkas
  9 ball pythons
  9 bats
  4 frilled lizards
  4 gnoll zombies (Ossuary)
  4 hobgoblin zombies (Ossuary)
  8 kobold zombies (Ossuary)
  8 rats
146 creatures vanquished.

Notes
Turn   | Place    | Note
-------+----------+-------------------------------------------
     0 | D:1      | Dirian the Minotaur Berserker began the quest for the Orb.
     0 | D:1      | Reached XP level 1. HP: 19/19 MP: 0/0
    12 | D:1      | You fall into a shaft and drop 1 floor!
    16 | D:2      | Noticed Jessica
    22 | D:2      | Killed Jessica
    23 | D:2      | Reached skill level 4 in Axes
    23 | D:2      | Reached XP level 2. HP: 27/27 MP: 1/1
    24 | D:2      | Reached XP level 3. HP: 33/33 MP: 2/2
    67 | D:2      | Identified the ring "Xidom" {rElec Will+}
   273 | D:1      | Reached ** piety under Trog
   367 | D:1      | Reached XP level 4. HP: 41/41 MP: 3/3
   831 | D:1      | Reached skill level 5 in Axes
  1156 | D:2      | Found Neohupn's Jewellery Boutique.
  1411 | D:3      | Noticed Terence
  1423 | D:3      | Killed Terence
  1424 | D:3      | Reached skill level 5 in Fighting
  1424 | D:3      | Reached XP level 5. HP: 22/48 MP: 4/4
  1659 | D:3      | Found a faded altar of an unknown god.
  1662 | D:3      | Found a sacrificial altar of Ru.
  1694 | D:3      | Found a runed translucent gate.
  1694 | D:3      | Noticed diceflayer's ghost (amateur DsHu)
  1695 | D:3      | Found a runed translucent gate.
  1696 | D:3      | Found a runed translucent gate.
  1758 | D:3      | Noticed Robin
  1774 | D:3      | Reached *** piety under Trog
  1774 | D:3      | Killed Robin
  2008 | D:3      | Reached skill level 6 in Axes
  2186 | D:3      | Killed diceflayer's ghost
  2187 | D:3      | Reached skill level 1 in Shields
  2187 | D:3      | Reached XP level 6. HP: 56/56 MP: 5/5
  2265 | D:4      | Found a shadowy altar of Dithmenos.
  2435 | D:4      | Found a sand-covered staircase.
  2443 | Ossuary  | Entered an ossuary
  2549 | Ossuary  | Reached skill level 7 in Axes
  3032 | D:4      | Reached **** piety under Trog
  3195 | D:4      | Reached XP level 7. HP: 56/62 MP: 6/6
  3450 | D:5      | Entered Level 5 of the Dungeon
  3480 | D:5      | Reached skill level 8 in Axes
  3487 | D:5      | Found a transporter.
  3537 | D:5      | Identified the ring "Qessastizuv" {rElec rCorr MP+9}
  3585 | D:5      | Found a runed translucent door.
  3585 | D:5      | Noticed Suckerboh's ghost (novice GrGl)
  3592 | D:5      | Noticed Eustachio
  3613 | D:5      | HP: 3/63 [Eustachio/+0 rapier (1)]
  3613 | D:5      | Slain by a gnoll

Illustrated notes

Levels and vault maps discovered:
D:1:      wander_arrival_estate, layout_basic, minmay_heptomino_o4
D:2:      layout_basic, serial_shops, shop, uniq_jessica
D:3:      layout_loops_cross, nicolae_overflow_ecumenical_swirl,
          biasface_ghost_orc_armoury, uniq_robin, uniq_terence
D:4:      minmay_bubble_buster, layout_loops_ring, mainiacjoe_overflow_brackets,
          enter_ossuary_3, minivault_23
D:5:      gammafunk_cloud_chamber, layout_basic,
          nicolae_qazlal_beasts_of_the_sky, hellmonk_ghost_happy_afterlife,
          uniq_eustachio

Skill      XL: |  1  2  3  4  5  6  7 |
---------------+----------------------+-----
Fighting       | 4 5 6 |  6.0
Axes           | 4 5 6 7 8 |  8.3
Armour         | 3 4 |  4.5
Shields        | 1 2 |  2.1
Dodging        | |  2.1

Action                     |  1- 3 |  4- 6 |  7- 9 || total
---------------------------+-------+-------+-------++-------
  Melee: Hand axe          |    49 |    90 |       ||   139
         Headbutt          |     6 |    31 |    10 ||    47
         War axe           |       |   110 |    39 ||   149
 Invoke: Berserk           |     2 |     2 |     1 ||     5
         Trog's Hand       |       |     1 |       ||     1
    Use: Scroll            |       |       |    14 ||    14
   Stab: Sleeping          |       |     1 |       ||     1
 Armour: Animal skin       |     6 |     9 |       ||    15
         Scale mail        |       |    79 |    38 ||   117
  Dodge: Dodged            |    34 |   109 |    34 ||   177
  Block: Buckler           |     6 |    33 |    19 ||    58
